 Dungeon Crawl Stone Soup version 0.28.0-62-gf88900778d (webtiles) character file.

Game seed: 11427533113359188767

5282 cbfl8 the Cleaver (level 10, -8/88 HPs)
             Began as a Minotaur Berserker on May 24, 2023.
             Was an Elder of Trog.
             Mangled by a yak (9 damage)
             ... on level 9 of the Dungeon.
             The game lasted 00:09:41 (10495 turns).

cbfl8 the Cleaver (Minotaur Berserker)             Turns: 10495, Time: 00:09:41

Health: -8/88      AC: 19    Str: 22    XL:     10   Next: 37%
Magic:  9/9        EV:  8    Int:  4    God:    Trog [****..]
Gold:   1466       SH:  0    Dex: 14    Spells: 9/9 levels left

rFire   . . .      SeeInvis .   l - +1 war axe
rCold   . . .      Faith    .   (no shield)
rNeg    . . .      Spirit   .   c - +0 plate armour
rPois   .          Reflect  .   r - +1 hat
rElec   .          Harm     .   s - +0 cloak
rCorr   .          Rampage  .   p - +0 pair of gloves
Will    .....                   a - +0 pair of boots
Stlth   ..........              (no amulet)
HPRegen 0.24/turn               (no ring)
MPRegen 0.11/turn               (no ring)

@: no status effects
A: horns 2, retaliatory headbutt
a: Renounce Religion, Berserk, Trog's Hand, Brothers in Arms


You were on level 9 of the Dungeon.
You worshipped Trog.
Trog was greatly pleased with you.
You visited 1 branch of the dungeon, and saw 10 of its levels.

You collected 1516 gold pieces.
You spent 50 gold pieces at shops.

Inventory:

Hand Weapons
 l - a +1 war axe (weapon)
 t - a +1 hand axe of flaming
Armour
 a - a +0 pair of boots (worn)
 c - a +0 plate armour (worn)
 p - a +0 pair of gloves (worn)
 r - a +1 hat (worn)
 s - a +0 cloak (worn)
Wands
 f - a wand of paralysis (6)
 u - a wand of polymorph (8)
Scrolls
 d - 4 scrolls of teleportation
 g - 2 scrolls of enchant weapon
 h - 2 scrolls of blinking
 j - a scroll of fear
 m - 3 scrolls of enchant armour {unknown}
 y - a scroll of magic mapping {unknown}
 A - a scroll of noise {unknown}
 B - a scroll of fog {unknown}
 C - a scroll of holy word {unknown}
Potions
 b - a potion of might
 e - a potion of brilliance {unknown}
 i - 3 potions of flight {unknown}
 k - 3 potions of curing {unknown}
 n - 3 potions of degeneration {unknown}
 o - 2 potions of lignification {unknown}
 q - a potion of resistance {unknown}
 v - 2 potions of heal wounds {unknown}
 w - a potion of berserk rage {unknown}
 x - a potion of haste {unknown}
 z - a potion of attraction {unknown}


   Skills:
 + Level 8.0 Fighting
 + Level 12.2 Axes
 + Level 9.1 Armour
 + Level 2.7 Dodging
 * Level 6.5 Evocations


You had 9 spell levels left.
You didn't know any spells.
Your spell library was empty.

Dungeon Overview and Level Annotations

Branches:
Dungeon (10/15)            Temple (0/1) D:5
   Lair: D:8-11         Orc: D:9-12

Altars:
Ashenzari
Cheibriados
Qazlal

Shops:
D:5 ?   D:7 *   D:8 (

Annotations:
D:3 3 runed translucent doors, Djinni's ghost, amateur HuCj; Mickster's ghost, weakling TrMo; infinitevox's ghost, amateur DsWn; jjjjhere's ghost, amateur HOAM; susin's ghost, weakling MfGl


Innate Abilities, Weirdness & Mutations

You have a pair of horns on your head.
You reflexively headbutt those who attack you in melee.


Message History

You slash the yak!
The yak is heavily wounded.
You barely miss the yak. You slash the yak! x2
The yak gores you but does no damage. The yak gores you.
The yak closely misses you. The yak gores you!
You are too injured to fight recklessly!
Unknown command.
Unknown command.
You are too injured to fight recklessly!
Unknown command.
You are too injured to fight recklessly!
You slash the yak! You headbutt the yak.
You kill the yak!
Trog accepts your kill.
You slash the yak! x2; You hit the yak. The yak gores you!
* * * LOW HITPOINT WARNING * * *
The yak gores you but does no damage. x2
Your Axes skill increases to level 12!
You hit the yak.
The yak is severely wounded.
You hit the yak. x2; The yak barely misses you.
The yak gores you but does no damage. x2
Unknown command.
You slash the yak!
The yak is almost dead.
You barely miss the yak. You hit the yak but do no damage.
The yak closely misses you. You furiously retaliate!
You headbutt the yak.
The yak barely misses you. x2; You furiously retaliate!
You headbutt the yak!
You kill the yak!
Trog accepts your kill.
You can now call in reinforcements.
You hit the yak.
The yak is almost dead.
You slash the yak! The yak barely misses you. The yak gores you!
* * * LOW HITPOINT WARNING * * *
You barely miss the yak.
The yak is almost dead.
You hit the yak but do no damage. The yak gores you!
* * * LOW HITPOINT WARNING * * *
The yak gores you!
You die...

.....+...........#
.....#...........######
.....#..........[.....#
.....#................#
.....#.....########...#
.....#.....#......#...#
.....+....##......#...#
.....#....#....YY†#...#
##'###....#....†@.#...#
..........#######'#...#
......................#
.).......)............#
......................#
......................#
..................#####
..................#
................###


You could see 2 yaks.

Vanquished Creatures
  Pikel (D:8)
  2 hornets
  7 yaks
  A wyvern (D:9)
  A wraith (D:9)
  2 water moccasins
  3 sky beasts
  2 ice beasts (D:6)
  An orc warrior (D:8)
  3 ogres
  A necrophage (D:5)
  5 centaurs
  A phantom (D:6)
  A lemure (D:8)
  A kobold brigand (D:9)
  4 scorpions (D:6)
  4 bullfrogs
  A water moccasin skeleton (D:5)
  2 howler monkeys (D:9)
  A bullfrog zombie (D:6)
  3 centaur zombies
  4 orc priests
  A jelly (D:6)
  A centaur skeleton (D:7)
  A gnoll shaman (D:7)
  2 hounds
  An iguana (D:4)
  8 orc wizards
  A hound skeleton (D:4)
  A howler monkey zombie (D:6)
  5 gnolls (D:7)
  8 adders
  2 white imps
  4 ufetubi
  An adder skeleton (D:4)
  2 worms
  4 dart slugs
  29 orcs
  4 endoplasms
  A giant cockroach (D:2)
  4 goblins
  8 hobgoblins
  6 jackals
  8 kobolds
  A quokka (D:1)
  10 ball pythons
  5 bats
  8 frilled lizards
  4 rats
181 creatures vanquished.

Vanquished Creatures (others)
  A plant (D:8)
1 creature vanquished.

Grand Total: 182 creatures vanquished

Notes
Turn   | Place    | Note
-------+----------+-------------------------------------------
     0 | D:1      | cbfl8 the Minotaur Berserker began the quest for the Orb.
     0 | D:1      | Reached XP level 1. HP: 19/19 MP: 0/0
   155 | D:1      | Reached XP level 2. HP: 24/27 MP: 1/1
   325 | D:1      | Reached skill level 4 in Axes
   474 | D:1      | Found a faded altar of an unknown god.
   595 | D:2      | Reached ** piety under Trog
   596 | D:2      | Reached XP level 3. HP: 22/30 MP: 2/2
   600 | D:2      | Reached skill level 1 in Evocations
  1721 | D:3      | Reached XP level 4. HP: 20/41 MP: 3/3
  1982 | D:3      | Found a runed translucent gate.
  1983 | D:3      | Found a runed translucent gate.
  1984 | D:3      | Found a runed translucent gate.
  1988 | D:3      | Noticed Mickster's ghost (weakling TrMo)
  1988 | D:3      | Noticed Djinni's ghost (amateur HuCj)
  1988 | D:3      | Noticed infinitevox's ghost (amateur DsWn)
  1988 | D:3      | Noticed susin's ghost (weakling MfGl)
  1989 | D:3      | Noticed jjjjhere's ghost (amateur HOAM)
  2453 | D:3      | Reached skill level 5 in Axes
  2674 | D:3      | Reached XP level 5. HP: 40/47 MP: 4/4
  3374 | D:4      | Reached XP level 6. HP: 52/53 MP: 5/5
  3819 | D:4      | Reached skill level 5 in Fighting
  3819 | D:4      | Reached skill level 6 in Axes
  4733 | D:5      | Entered Level 5 of the Dungeon
  4742 | D:5      | Found Ikhluteg's Magic Scroll Shoppe.
  4751 | D:5      | Bought a scroll of teleportation for 30 gold pieces
  4751 | D:5      | Bought a scroll of identify for 20 gold pieces
  4888 | D:5      | Found a staircase to the Ecumenical Temple.
  4983 | D:5      | Reached XP level 7. HP: 37/61 MP: 6/6
  5320 | D:5      | Found a stormy altar of Qazlal.
  5410 | D:6      | Reached skill level 7 in Axes
  5668 | D:6      | Reached skill level 5 in Armour
  5807 | D:6      | Reached XP level 8. HP: 65/70 MP: 7/7
  5810 | D:6      | Reached skill level 8 in Axes
  5826 | D:6      | Reached *** piety under Trog
  5830 | D:6      | Reached skill level 9 in Axes
  6106 | D:6      | Found a broken altar of Ashenzari.
  6120 | D:6      | Identified the +1 scale mail of the Harp {Will+}
  6384 | D:6      | Found a snail-covered altar of Cheibriados.
  6614 | D:7      | Identified the +10 hunting sling of Immorality {venom,
                  | Dex+4}
  6622 | D:7      | Noticed a hornet
  6627 | D:7      | Paralysed by a hornet for 2 turns
  6631 | D:7      | Killed a hornet
  6632 | D:7      | Reached XP level 9. HP: 73/78 MP: 8/8
  6914 | D:7      | Reached skill level 5 in Evocations
  7016 | D:7      | Reached skill level 10 in Axes
  7291 | D:7      | Found Loat Fuy's Elemental Accessories.
  7772 | D:7      | Identified a scroll of acquirement
  7842 | D:7      | Acquired 916 gold pieces
  8129 | D:8      | You fall into a shaft and drop 2 floors!
  8129 | D:10     | Entered Level 10 of the Dungeon
  8239 | D:9      | Paralysed by a hornet for 1 turns
  8939 | D:9      | Reached skill level 11 in Axes
  9285 | D:8      | Reached XP level 10. HP: 45/88 MP: 9/9
  9572 | D:8      | Reached **** piety under Trog
  9668 | D:8      | Noticed Pikel
  9677 | D:8      | Killed Pikel
  9737 | D:8      | Found Teiddiherph's Hydra Hut.
  9738 | D:8      | Noticed a seven-headed hydra
 10360 | D:9      | Noticed a two-headed ogre
 10467 | D:9      | Identified the +1 robe of Whack-A-Mole {Will+ SInv}
 10492 | D:9      | Reached skill level 12 in Axes
 10495 | D:9      | HP: 1/88 [yak (11)]
 10495 | D:9      | Mangled by a yak

Illustrated notes

Levels and vault maps discovered:
D:1:      matt_arrival_los_fun, layout_rooms,
          hellmonk_ecumenical_altar_heavens_door
D:2:      layout_basic
D:3:      layout_loops_corners, gammafunk_ghost_cemetery
D:4:      layout_loops_ring, st_stairs_6, minmay_misc_feat_pillars,
          hangedman_abyss_or_decor_stagger
D:5:      layout_cave_pools, nicolae_qazlal_eye_of_the_storm, temple_statues,
          serial_shops, nicolae_shop_statue_plus
D:6:      layout_loops_ring, mainiacjoe_overflow_six_doors_small,
          minmay_misc_feat_more_columns, minmay_ruined_shrine
D:7:      layout_cave_pools, nicolae_elemental_shop, lemuel_flamethrower_2
D:8:      layout_loops_ring, serial_rivers, chequers_serial_rivers_room_a,
          chequers_serial_rivers_large_a, chequers_serial_rivers_room_b,
          chequers_serial_rivers_micro_e, doesnt_shop_hydraphobe, uniq_pikel
D:9:      layout_irregular_city, mainiacjoe_overflow_big_doors,
          roderic_serpentine_path
D:10:     layout_basic, lair_entry_dummy, hiddenorc2_lemuel

Skill      XL: |  1  2  3  4  5  6  7  8  9 10 |
---------------+-------------------------------+-----
Axes           | 4 5 6 7 9 11 12 | 12.2
Fighting       | 4 5 6 7 8 |  8.0
Evocations     | 1 2 3 4 6 |  6.5
Armour         | 3 4 5 6 8 9 |  9.1
Dodging        | |  2.7

Action                   |  1- 3 |  4- 6 |  7- 9 | 10-12 || total
-------------------------+-------+-------+-------+-------++-------
Melee: Hand axe          |   113 |    90 |       |       ||   203
       Headbutt          |    14 |    25 |    34 |    10 ||    83
       War axe           |       |    36 |   232 |    52 ||   320
       Punch             |       |     1 |     2 |     2 ||     5
Invok: Berserk           |       |     1 |     4 |     2 ||     7
  Use: Scroll            |       |     4 |     3 |       ||     7
Armor: Plate armour      |    86 |    66 |   177 |    51 ||   380
Dodge: Dodged            |    36 |    40 |   106 |    25 ||   207
